 Dungeon Crawl Stone Soup version 0.30.1-11-g7821555f0a (webtiles) character file.

Game seed: 16935356610592984568

82 Martska the Trooper (level 4, -2/37 HPs)
             Began as a Demonspawn Fighter on Dec 13, 2023.
             Slain by a gnoll
             ... wielding a +0 whip
              (5 damage)
             ... on level 2 of the Dungeon.
             The game lasted 00:01:39 (986 turns).

Martska the Trooper (Demonspawn Fighter)             Turns: 986, Time: 00:01:40

Health: -2/37      AC:  8    Str: 18    XL:     4   Next: 21%
Magic:  4/4        EV:  9    Int:  9    God:
Gold:   111        SH:  4    Dex: 13    Spells: 3/3 levels left

rFire   . . .        a - +0 war axe
rCold   . . .        c - +0 buckler
rNeg    . . .        b - +0 scale mail
rPois   .            (no helmet)
rElec   .            (no cloak)
rCorr   .            (no gloves)
SInv    .            k - +1 pair of boots
Will    .....        (no amulet) Stlth
                     (no ring)
HPRegen 0.26/turn    (no ring)
MPRegen 0.09/turn

%: no passive effects
@: no status effects
A: hooves 1, powered by pain 1
a: no special abilities


You were on level 2 of the Dungeon.
You visited 1 branch of the dungeon, and saw 2 of its levels.

You collected 111 gold pieces.

Inventory:

Hand Weapons
 a - a +0 war axe (weapon)
Armour
 b - a +0 scale mail (worn)
 c - a +0 buckler (worn)
 k - a +1 pair of boots (worn)
Scrolls
 f - a scroll of fog {unknown}
 h - 2 scrolls of enchant weapon {unknown}
 i - 2 scrolls of identify {unknown}
Potions
 d - a potion of might
 e - a potion of curing {unknown}
 g - a potion of heal wounds {unknown}
 j - a potion of brilliance {unknown}


   Skills:
 * Level 3.9 Fighting
 - Level 1.7 Axes
 + Level 3.0 Armour
 * Level 1.7 Dodging
 + Level 3.0 Shields


You had 3 spell levels left.
You didn't know any spells.
Your spell library was empty.

Dungeon Overview and Level Annotations

Branches:
Dungeon (2/15)

Altars:


Innate Abilities, Weirdness & Mutations

You have large cloven feet.
You sometimes gain a little power by taking damage.


Message History

You are too injured to fight recklessly!
You are too injured to fight recklessly!
You are too injured to fight recklessly!
You are too injured to fight recklessly!
You are too injured to fight recklessly!
You closely miss the quokka.
The quokka is almost dead.
You slash the gnoll!
You kill the gnoll!
You barely miss the gnoll.
The quokka bites you but does no damage.
The gnoll barely misses you.
You have reached level 4!
You feel agile.
Your demonic ancestry asserts itself...
Your feet thicken and deform.
You barely miss the gnoll.
The gnoll is almost dead.
You hit the gnoll. You barely miss the quokka. The quokka barely misses you.
You block the gnoll's attack. The gnoll hits you with a +0 whip.
The quokka bites you.
* * * LOW HITPOINT WARNING * * *
The gnoll hits you with a +0 whip.
* * * LOW HITPOINT WARNING * * *
The gnoll hits you with a +0 whip.
* * * LOW HITPOINT WARNING * * *
You hit the gnoll but do no damage.
The gnoll is almost dead.
You closely miss the gnoll. You hit the quokka.
You kill the quokka!
The gnoll hits you but does no damage. The gnoll hits you with a +0 whip.
* * * LOW HITPOINT WARNING * * *
You hit the gnoll.
You kill the gnoll!
You barely miss the gnoll. You block the gnoll's attack.
The gnoll attacks as you move away! The gnoll closely misses you.
Things that are here:
a +0 whip; a +0 flail Unknown command.
The gnoll attacks as you move away! The gnoll hits you with a +0 whip.
You die...

## #######. #......#
#.#####. . #########
#.###### .........#
#......) #.#.#.#†#.##
#..#.##. .......g...#
#....##.
#......@##.######.......
.........#..............
#.......##.######...####
....>....#.# #....###
#.......##.######.....>.
...........##...........
#.#.#.#.#####.####...###
#######.. #...##.
#...#..


You could see a gnoll.

Vanquished Creatures
  2 gnolls (D:2)
  2 adders (D:2)
  An endoplasm (D:1)
  A giant cockroach (D:2)
  6 hobgoblins
  8 jackals
  3 kobolds (D:1)
  3 quokkas (D:2)
  4 ball pythons (D:1)
  4 bats (D:1)
  A frilled lizard (D:1)
  2 goblins (D:1)
  7 rats
44 creatures vanquished.

Notes
Turn   | Place    | Note
-------+----------+-------------------------------------------
     0 | D:1      | Martska the Demonspawn Fighter began the quest for the Orb.
     0 | D:1      | Reached XP level 1. HP: 18/18 MP: 1/1
   159 | D:1      | Gained mutation: You sometimes gain a little power by
                  | taking damage. [demonic ancestry]
   159 | D:1      | Reached XP level 2. HP: 22/24 MP: 2/2
   166 | D:1      | Reached skill level 1 in Dodging
   674 | D:1      | Reached XP level 3. HP: 29/29 MP: 3/3
   982 | D:2      | Gained mutation: You have large cloven feet. [demonic
                  | ancestry]
   982 | D:2      | Reached XP level 4. HP: 16/37 MP: 4/4
   986 | D:2      | Slain by a gnoll

Illustrated notes

Levels and vault maps discovered:
D:1:      nicolae_arrival_washed_ashore, layout_basic, serial_curves,
          eino_curves_01, eino_curves_03
D:2:      layout_loops_ring, serial_bayou, serial_bayou_pond_c,
          serial_bayou_pond_d, serial_bayou_shore_b, serial_bayou_pond_d,
          st_stairs_4, uniq_crazy_yiuf_cottage

Skill      XL: |  1  2  3 |
---------------+----------+-----
Dodging        | 1 |  1.7
Armour         | 3 |  3.0
Shields        | 3 |  3.0
Fighting       | |  3.9
Axes           | |  1.7

Action                     |  1- 3 |  4- 6 || total
---------------------------+-------+-------++-------
  Melee: War axe           |   120 |     3 ||   123
 Armour: Scale mail        |    66 |     1 ||    67
  Dodge: Dodged            |    79 |     2 ||    81
  Block: Buckler           |    37 |     2 ||    39
